 Dungeon Crawl Stone Soup version 0.31.0-11-ge490571c62 (webtiles) character file.

Game seed: 3979338156337451258

32981 qw the Spry (level 13, -11/65 HPs)
             Began as a Spriggan Hunter on Feb 3, 2024.
             Was the Champion of Okawaru.
             Drowned by a drowned soul (15 damage)
             ... summoned by a merfolk avatar
             ... on level 5 of the Lair of Beasts.
             The game lasted 00:02:40 (10425 turns).

qw the Spry (Spriggan Hunter)                      Turns: 10425, Time: 00:02:40

Health: -11/65     AC:  6    Str:  7    XL:     13   Next: 34%
Magic:  7/7        EV: 46    Int: 10    God:    Okawaru [******]
Gold:   843        SH:  0    Dex: 30    Spells: 12/12 levels left

rFire   + . .        v - +4 arbalest of the Median {antimagic, rElec rF- rCorr}
rCold   + . .        (shield currently unavailable)
rNeg    . . .        m - +2 robe {rF+}
rPois   .            c - +2 hat
rElec   +            a - scarf {rC+ rF+}
rCorr   +            (gloves unavailable)
SInv    +            (boots unavailable)
Will    ++...        k - amulet of faith
Stlth   ++           r - +6 ring of dexterity
HPRegen 0.30/turn    b - +5 ring of evasion
MPRegen 0.10/turn

%: faith
@: about to teleport, mesmerised, slow
A: very small, no large weapons, unfitting armour, see invisible, speed 3
a: Renounce Religion, Heroism, Finesse, Duel


You were on level 5 of the Lair of Beasts.
You worshipped Okawaru.
Okawaru was exalted by your worship.
You visited 3 branches of the dungeon, and saw 14 of its levels.
You also visited: Ossuary.

You collected 1275 gold pieces.
You spent 432 gold pieces at shops.


Innate Abilities, Weirdness & Mutations

You are very small and have problems with some larger weapons.
You are too small for most types of armour.
You have supernaturally acute eyesight. (SInv)
You cover ground extremely quickly. (Speed+++)


   Skills:
 - Level 6.1 Fighting
 - Level 15.0 Ranged Weapons
 + Level 17.1 Dodging
 - Level 1.5 Stealth
 - Level 10.0 Invocations


You had 12 spell levels left.
You didn't know any spells.
Your spell library was empty.

Inventory:

Hand Weapons
 h - a +3 orcbow of draining
 v - the +4 arbalest of the Median (weapon) {antimagic, rElec rF- rCorr}
   (Okawaru gifted it to you on level 5 of the Lair of Beasts)

   rF-:       It makes you vulnerable to fire.
   rElec:     It insulates you from electricity.
   rCorr:     It protects you from acid and corrosion.
Armour
 a - a scarf of resistance (worn)
 c - a +2 hat (worn)
 m - a +2 robe of fire resistance (worn)
 n - a +2 cloak
Jewellery
 b - a +5 ring of evasion (right hand)
 d - the amulet "Ukoren" {Regen+ Stlth+}
   (You acquired it on level 1 of the Dungeon)

   [amulet of regeneration]

   Regen+:    It increases your rate of health regeneration.
   Stlth+:    It makes you more stealthy.
 k - an amulet of faith (around neck)
 r - a +6 ring of dexterity (left hand)
Wands
 l - a wand of quicksilver (5)
 u - a wand of polymorph (8)
Scrolls
 p - a scroll of teleportation
 q - a scroll of identify
 t - a scroll of enchant armour
Potions
 e - 2 potions of heal wounds
 f - a potion of mutation
 g - 4 potions of resistance
 i - a potion of might
 j - 8 potions of curing
 o - a potion of haste
 s - a potion of magic
 w - a potion of cancellation {unknown}

Dungeon Overview and Level Annotations

Branches:
Dungeon (8/15)             Temple (1/1) D:6            Lair (5/5) D:8
  Swamp (0/4) Lair:2       Spider (0/4) Lair:2        Slime (0/5) Lair:5
Ossuary (visited)

Altars:
Ashenzari
Cheibriados
Dithmenos
Elyvilon
Fedhas
Gozag
Hepliaklqana
Kikubaaqudgha
Makhleb
Nemelex Xobeh
Okawaru
Qazlal
Ru
Sif Muna
Trog
Uskayaw
Vehumet
Wu Jian
Xom
Yredelemnul
Zin
The Shining One
Jiyva

Shops:
D:6 =

Annotations:
Lair:4 1 runed translucent door, qw's ghost, journeyman DEHu


Message History

Enter note:
Enter note:
Enter note:
Enter note:
Enter note:
Enter note:
Enter note:
Enter note:
Enter note:
Enter note:
Enter note:
Enter note:
Enter note:
Enter note:
Enter note:
Enter note:
Enter note:
Enter note:
Enter note:
Enter note:
Enter note:
Enter note:
Enter note:
Enter note:
Enter note:
Enter note:
10424 ||| RETREEEEATING.
Found an earthy gem, a potion of haste and a wand of charming (4).
The merfolk avatar shouts!
You hear a shout!
The pull of its song draws you forwards.
The drowned soul touches you. The drowned soul drowns you!
The drowned soul touches you. The drowned soul drowns you!
The merfolk avatar falters for a moment.
10425 ||| READING 2 scrolls of teleportation.
As you read the scroll of teleportation, it crumbles to dust.
You feel strangely unstable. The ice encasing you melts away.
The merfolk avatar chants its luring song.
The drowned soul touches you. The drowned soul drowns you!
You die...

#.~~~~~~~~~##~~##~~#~P~##~......#
#%.~.~~##~~#~~~##~~P~~~~#......##
....~~~~~~~~~~~~~~~~~~~.~~....#.#
#..~.~~~#~###~~###~#~~ ~.....P..
...~#.~#~~~~~~~~~~~~# ~P#.....
..~##~~#~#~#~.8~~~~~# . ....
.#.~~~~#8~~~~~~~~~..# ....
...~~~.###.#~~~~#####~~ ~~##....
...##~.#}~~~~~P~@~~}#~~ #.#. ....
...~#~~#~~~.~~~~.k.~#~~##.<# .###
#..~~~~..#~#~~~##k~~#..~~~.# #
#.~~~~..#.~~:??=#m~.~~#~~..# ##
...#~~..~~~#!~~[#~..~#.~~~.#####.
#..#~~~~~~~#!~~?#~~~~~~~#.##.....
#.~~~~~~~~ #/!$ #~~~#~~~~.##.....
..~~~~### #~ #~.~#~#~~~#......
...##~~# 8~~~#~~##~.#.....


You could see a merfolk avatar (mesmerising, magic disrupted), a wind drake
(repels missiles) and a rime drake.

Vanquished Creatures
  A hydra (Lair:4)
  A two-headed ogre (D:6)
  2 catoblepae
  A boulder beetle (Lair:1)
  2 sea snakes (Lair:5)
  2 skysharks (Lair:5)
  A harpy (Lair:5)
  A manticore (Lair:5)
  3 black mambas
  24 elephants
  7 cane toads
  A torpor snail (Lair:4)
  Jeremiah (Lair:1)
  2 rime drakes
  10 komodo dragons
  4 polar bears
  7 blink frogs (Lair:5)
  2 hornets (Lair:5)
  Sigmund (D:3)
  A culicivora (Lair:2)
  A wyvern (Lair:1)
  12 yaks
  5 basilisks
  A redback (Lair:2)
  3 steam dragons
  Menkaure (D:6)
  19 water moccasins
  4 black bears
  An ice beast (D:5)
  An orc warrior (D:7)
  9 wolves
  An ogre (D:7)
  A centaur (D:8)
  15 bullfrogs
  4 scorpions
  A gnoll sergeant (D:6)
  4 wights (D:8)
  11 killer bees (D:7)
  A howler monkey (D:5)
  2 jellies
  A centaur skeleton (Ossuary)
  An orc priest (D:7)
  4 hounds
  A spectral scorpion (Ossuary)
  2 iguanas (D:6)
  Natasha (twice) (D:2)
  2 orc wizards (D:8)
  A crocodile zombie (Ossuary)
  13 mummies (Ossuary)
  8 adders
  3 gnolls (D:6)
  A white imp (D:6)
  6 ufetubi
  2 ribbon worms (D:3)
  A dart slug (D:3)
  14 orcs
  7 ball pythons
  2 bats
  8 endoplasms
  5 hobgoblins
  4 jackals
  6 kobolds
  3 quokkas
  4 frilled lizards
  3 gnoll skeletons (Ossuary)
  6 goblins
  3 kobold skeletons (Ossuary)
  An orc skeleton (Ossuary)
  7 rats
  10 spectral rats (Ossuary)
302 creatures vanquished.

Vanquished Creatures (others)
  A blink frog (Lair:5)
1 creature vanquished.

Grand Total: 303 creatures vanquished

Notes
Turn   | Place    | Note
-------+----------+-------------------------------------------
     0 | D:1      | qw the Spriggan Hunter began the quest for the Orb.
     0 | D:1      | Reached XP level 1. HP: 10/10 MP: 2/2
     0 | D:1      | 0 ||| qw: Version: 0.3-a-155-g5e7d8dd
     0 | D:1      | 0 ||| qw: Game counter: 3100
     0 | D:1      | 0 ||| qw: Melee chars always use a shield: true
     0 | D:1      | 0 ||| qw: God list: Okawaru
     0 | D:1      | 0 ||| qw: Allow faded altars: false
     0 | D:1      | 0 ||| qw: Do Orc after clearing Dungeon:15 true
     0 | D:1      | 0 ||| qw: Do second Lair branch before Depths: true
     0 | D:1      | 0 ||| qw: Lair rune preference: random
     0 | D:1      | 0 ||| qw: Goals: Normal
     0 | D:1      | 0 ||| PLANNING D:1-11
    75 | D:1      | Reached skill level 3 in Dodging
   232 | D:1      | Reached XP level 2. HP: 14/14 MP: 3/3
   427 | D:1      | Reached skill level 4 in Dodging
   656 | D:1      | Found a faded altar of an unknown god.
   761 | D:1      | 761 ||| UPGRADING to +4 ring of protection.
   762 | D:1      | 762 ||| READING scroll labelled BUREUK REAKKU.
   762 | D:1      | Identified a scroll of acquirement
   762 | D:1      | 762 ||| ACQUIRING amulet "Ukoren" {Regen+ Stlth+}
   762 | D:1      | Acquired the amulet "Ukoren" {Regen+ Stlth+}
   764 | D:1      | 764 ||| UPGRADING to amulet "Ukoren" {Regen+ Stlth+}.
   769 | D:1      | 769 ||| READING 4 scrolls labelled WENOMAVU JYI.
   769 | D:1      | 769 ||| ENCHANTING +0 shortbow.
   770 | D:1      | 770 ||| READING 3 scrolls of enchant weapon.
   770 | D:1      | 770 ||| ENCHANTING +1 shortbow.
   771 | D:1      | 771 ||| READING 2 scrolls of enchant weapon.
   771 | D:1      | 771 ||| ENCHANTING +2 shortbow.
   772 | D:1      | 772 ||| READING scroll of enchant weapon.
   772 | D:1      | 772 ||| ENCHANTING +3 shortbow.
   773 | D:1      | 773 ||| READING scroll labelled ZAKAOSTIACW.
   774 | D:1      | 774 ||| READING scroll labelled WIESTRE ACVAHI.
   774 | D:1      | 774 ||| IDENTIFYING smoky grey potion
   775 | D:1      | 775 ||| READING scroll labelled EBLUOLL KEOFY.
   776 | D:1      | 776 ||| READING scroll labelled QOIDE SAYL.
   782 | D:1      | 782 ||| DROPPING scroll of butterflies.
   900 | D:2      | Reached XP level 3. HP: 18/18 MP: 4/4
  1270 | D:2      | Noticed Natasha
  1273 | D:2      | Killed Natasha
  1274 | D:2      | Reached XP level 4. HP: 22/22 MP: 5/5
  1441 | D:2      | Noticed Natasha
  1448 | D:2      | Killed Natasha
  1458 | D:2      | 1458 ||| READING scroll of identify.
  1458 | D:2      | 1458 ||| IDENTIFYING red potion
  1459 | D:2      | 1459 ||| READING scroll labelled OTWEPT SIVU.
  1524 | D:3      | Reached skill level 5 in Dodging
  1697 | D:3      | Noticed Sigmund
  1698 | D:3      | 1698 ||| ZAPPING wand of quicksilver (10) at 1,-2 (Sigmund;
                  | floor).
  1700 | D:3      | Killed Sigmund
  1701 | D:3      | Reached skill level 3 in Fighting
  1701 | D:3      | Reached XP level 5. HP: 29/29 MP: 6/6
  1701 | D:3      | Reached XP level 6. HP: 33/33 MP: 7/7
  1893 | D:3      | 1893 ||| READING scroll of acquirement.
  1893 | D:3      | 1893 ||| ACQUIRING 532 gold pieces
  1893 | D:3      | Acquired 532 gold pieces
  2112 | D:3      | Found a glowing golden altar of the Shining One.
  2327 | D:3      | 2327 ||| UPGRADING to +1 robe of fire resistance.
  2337 | D:3      | 2337 ||| DROPPING +0 robe.
  2338 | D:3      | 2338 ||| READING 2 scrolls of identify.
  2338 | D:3      | 2338 ||| IDENTIFYING lumpy amethyst potion
  2339 | D:3      | 2339 ||| READING scroll of identify.
  2339 | D:3      | 2339 ||| IDENTIFYING pink potion
  2340 | D:3      | 2340 ||| READING scroll labelled CUREOL GEAD.
  2342 | D:3      | 2342 ||| Stepping ~*~*~tactically~*~*~ (cloud).
  2361 | D:3      | 2361 ||| Stepping ~*~*~tactically~*~*~ (cloud).
  2405 | D:4      | 2405 ||| PLANNING OSSUARY
  2413 | D:4      | 2413 ||| STAIRDANCE
  2421 | D:4      | Found a sand-covered staircase.
  2428 | Ossuary  | Entered an ossuary
  2575 | Ossuary  | Reached skill level 6 in Ranged Weapons
  2685 | Ossuary  | Reached skill level 6 in Dodging
  2685 | Ossuary  | Reached XP level 7. HP: 29/37 MP: 8/8
  2789 | Ossuary  | 2789 ||| READING scroll of identify.
  2789 | Ossuary  | 2789 ||| IDENTIFYING viscous cyan potion
  2790 | Ossuary  | 2790 ||| READING 2 scrolls labelled IFANNI VOODAE.
  2791 | Ossuary  | 2791 ||| READING scroll labelled WEHOKHLAULIL.
  2791 | Ossuary  | 2791 ||| ENCHANTING +1 robe of fire resistance.
  2792 | Ossuary  | 2792 ||| READING scroll labelled RESISU KEOC.
  2793 | Ossuary  | 2793 ||| READING scroll labelled TOTESU OVIYQA.
  2894 | Ossuary  | 2894 ||| READING scroll labelled POUKHUSORU.
  2995 | Ossuary  | 2995 ||| READING scroll labelled HERCHI YGILA.
  2996 | Ossuary  | 2996 ||| DRINKING 3 white potions.
  2997 | Ossuary  | 2997 ||| DRINKING 2 cyan potions.
  3102 | Ossuary  | 3102 ||| DROPPING scroll of noise.
  3103 | Ossuary  | 3103 ||| DROPPING 2 potions of attraction.
  3104 | Ossuary  | 3104 ||| DROPPING potion of berserk rage.
  3140 | D:4      | 3140 ||| PLANNING D:1-11
  3497 | D:4      | 3497 ||| UPGRADING to +1 cloak.
  3502 | D:4      | 3502 ||| UPGRADING to +5 ring of evasion.
  3503 | D:4      | 3503 ||| DROPPING ring of magical power.
  3509 | D:5      | Entered Level 5 of the Dungeon
  3598 | D:5      | Reached skill level 7 in Dodging
  3786 | D:5      | Reached XP level 8. HP: 42/42 MP: 9/9
  4012 | D:5      | 4012 ||| DROPPING amulet of the acrobat.
  4013 | D:5      | 4013 ||| DROPPING +6 ring of strength.
  4192 | D:6      | 4192 ||| ZAPPING wand of quicksilver (9) at -1,-1 (black
                  | bear; floor).
  4193 | D:6      | Reached skill level 8 in Dodging
  4210 | D:6      | Noticed Menkaure
  4212 | D:6      | 4212 ||| FLEEEEING.
  4221 | D:6      | Killed Menkaure
  4289 | D:6      | Found Napui's Jewellery Shop.
  4301 | D:6      | Reached skill level 9 in Ranged Weapons
  4306 | D:6      | 4306 ||| BUYING +6 ring of dexterity (432 gold).
  4306 | D:6      | Bought a +6 ring of dexterity for 432 gold pieces
  4315 | D:6      | Noticed a two-headed ogre
  4316 | D:6      | 4316 ||| ZAPPING wand of quicksilver (8) at 7,0 (two-headed
                  | ogre; floor).
  4317 | D:6      | 4317 ||| ZAPPING wand of quicksilver (7) at 6,0 (two-headed
                  | ogre; floor).
  4318 | D:6      | 4318 ||| ZAPPING wand of quicksilver (6) at 5,0 (two-headed
                  | ogre; floor).
  4319 | D:6      | 4319 ||| ZAPPING wand of quicksilver (5) at 4,0 (two-headed
                  | ogre; floor).
  4320 | D:6      | 4320 ||| ZAPPING wand of quicksilver (4) at 3,0 (two-headed
                  | ogre; floor).
  4321 | D:6      | 4321 ||| ZAPPING wand of quicksilver (3) at 2,0 (two-headed
                  | ogre; floor).
  4321 | D:6      | Killed a two-headed ogre
  4322 | D:6      | Reached skill level 10 in Dodging
  4322 | D:6      | Reached XP level 9. HP: 45/45 MP: 10/10
  4413 | D:6      | Found a staircase to the Ecumenical Temple.
  4414 | D:6      | 4414 ||| PLANNING TEMPLE
  4414 | D:6      | 4414 ||| UPGRADING to +6 ring of dexterity.
  4416 | D:6      | 4416 ||| DROPPING +4 ring of protection.
  4417 | D:6      | 4417 ||| READING 2 scrolls of identify.
  4417 | D:6      | 4417 ||| IDENTIFYING clear potion
  4418 | D:6      | 4418 ||| READING scroll of identify.
  4418 | D:6      | 4418 ||| IDENTIFYING brown potion
  4419 | D:6      | 4419 ||| READING scroll labelled DYGESOJIETH.
  4419 | D:6      | 4419 ||| BRANDING +4 shortbow.
  4420 | D:6      | 4420 ||| DROPPING wand of flame (22).
  4421 | D:6      | 4421 ||| DROPPING potion of magic.
  4422 | D:6      | 4422 ||| DROPPING potion of invisibility.
  4428 | Temple   | Entered the Ecumenical Temple
  4429 | Temple   | 4429 ||| PLANNING D:1-11
  4699 | D:6      | Reached skill level 11 in Dodging
  4829 | D:7      | 4829 ||| RETREEEEATING.
  4835 | D:7      | 4835 ||| RETREEEEATING.
  4912 | D:7      | 4912 ||| RETREEEEATING.
  4960 | D:7      | 4960 ||| FLEEEEING.
  4961 | D:7      | 4961 ||| FLEEEEING.
  4962 | D:7      | 4962 ||| FLEEEEING.
  4963 | D:7      | 4963 ||| FLEEEEING.
  4964 | D:7      | 4964 ||| FLEEEEING.
  4965 | D:7      | 4965 ||| FLEEEEING.
  4966 | D:7      | 4966 ||| FLEEEEING.
  4967 | D:7      | 4967 ||| FLEEEEING.
  4968 | D:7      | 4968 ||| FLEEEEING.
  4969 | D:7      | 4969 ||| FLEEEEING.
  4970 | D:7      | 4970 ||| FLEEEEING.
  4971 | D:7      | 4971 ||| FLEEEEING.
  4972 | D:7      | 4972 ||| FLEEEEING.
  4973 | D:7      | 4973 ||| FLEEEEING.
  4974 | D:7      | 4974 ||| FLEEEEING.
  4978 | D:7      | Reached skill level 12 in Dodging
  5050 | D:7      | Found a snail-covered altar of Cheibriados.
  5051 | D:7      | 5051 ||| SWAPPING to +0 orcbow.
  5052 | D:7      | 5052 ||| DROPPING +4 shortbow of draining.
  5054 | D:7      | Found an iron altar of Okawaru.
  5055 | D:7      | 5055 ||| PLANNING OKAWARU WORSHIP
  5065 | D:7      | Became a worshipper of Warmaster Okawaru
  5066 | D:7      | 5066 ||| PLANNING D:1-11
  5471 | D:8      | Found a staircase to the Lair.
  5514 | D:8      | 5514 ||| SWAPPING to +2 orcbow of draining.
  5515 | D:8      | 5515 ||| DROPPING +0 orcbow.
  5542 | D:8      | 5542 ||| RETREEEEATING.
  5544 | D:8      | 5544 ||| RETREEEEATING.
  5546 | D:8      | 5546 ||| RETREEEEATING.
  5548 | D:8      | 5548 ||| RETREEEEATING.
  5552 | D:8      | 5552 ||| RETREEEEATING.
  5554 | D:8      | 5554 ||| RETREEEEATING.
  5556 | D:8      | 5556 ||| RETREEEEATING.
  5558 | D:8      | 5558 ||| RETREEEEATING.
  5775 | D:8      | Reached * piety under Okawaru
  5806 | D:8      | Reached XP level 10. HP: 49/49 MP: 11/11
  6165 | D:8      | 6165 ||| PLANNING LAIR
  6165 | D:8      | 6165 ||| UPGRADING to +2 hat.
  6170 | D:8      | 6170 ||| DROPPING amulet of magic regeneration.
  6171 | D:8      | 6171 ||| READING scroll labelled TUUDWE QAAGHI.
  6219 | Lair:1   | Entered Level 1 of the Lair of Beasts
  6220 | Lair:1   | 6220 ||| INVOKING Heroism.
  6221 | Lair:1   | 6221 ||| RETREEEEATING.
  6222 | Lair:1   | 6222 ||| RETREEEEATING.
  6223 | Lair:1   | 6223 ||| RETREEEEATING.
  6224 | Lair:1   | 6224 ||| RETREEEEATING.
  6225 | Lair:1   | 6225 ||| RETREEEEATING.
  6226 | Lair:1   | 6226 ||| RETREEEEATING.
  6235 | Lair:1   | Reached skill level 1 in Invocations
  6237 | Lair:1   | 6237 ||| RETREEEEATING.
  6238 | Lair:1   | 6238 ||| RETREEEEATING.
  6239 | Lair:1   | 6239 ||| RETREEEEATING.
  6240 | Lair:1   | 6240 ||| RETREEEEATING.
  6241 | Lair:1   | 6241 ||| RETREEEEATING.
  6242 | Lair:1   | 6242 ||| RETREEEEATING.
  6243 | Lair:1   | 6243 ||| RETREEEEATING.
  6280 | Lair:1   | 6280 ||| RETREEEEATING.
  6285 | Lair:1   | 6285 ||| RETREEEEATING.
  6294 | Lair:1   | Reached skill level 3 in Invocations
  6325 | Lair:1   | Noticed an elephant
  6326 | Lair:1   | 6326 ||| INVOKING Heroism.
  6328 | Lair:1   | Noticed an elephant
  6332 | Lair:1   | Killed an elephant
  6333 | Lair:1   | Reached skill level 13 in Dodging
  6333 | Lair:1   | Noticed an elephant
  6334 | Lair:1   | Noticed an elephant
  6335 | Lair:1   | 6335 ||| RETREEEEATING.
  6339 | Lair:1   | Killed an elephant
  6341 | Lair:1   | Noticed an elephant
  6344 | Lair:1   | 6344 ||| RETREEEEATING.
  6347 | Lair:1   | 6347 ||| RETREEEEATING.
  6348 | Lair:1   | 6348 ||| INVOKING Heroism.
  6352 | Lair:1   | Killed an elephant
  6352 | Lair:1   | Reached ** piety under Okawaru
  6358 | Lair:1   | Killed an elephant
  6359 | Lair:1   | Reached skill level 14 in Dodging
  6366 | Lair:1   | Killed an elephant
  6437 | Lair:1   | Noticed a catoblepas
  6438 | Lair:1   | 6438 ||| INVOKING Heroism.
  6439 | Lair:1   | 6439 ||| Stepping ~*~*~tactically~*~*~ (cloud).
  6446 | Lair:1   | 6446 ||| Stepping ~*~*~tactically~*~*~ (cloud).
  6450 | Lair:1   | Killed a catoblepas
  6614 | Lair:1   | Noticed Jeremiah
  6621 | Lair:1   | 6621 ||| FLEEEEING.
  6622 | Lair:1   | 6622 ||| FLEEEEING.
  6623 | Lair:1   | 6623 ||| FLEEEEING.
  6645 | Lair:1   | HP: 3/49 [Jeremiah/divine providence (15)]
  6646 | Lair:1   | 6646 ||| DRINKING 3 potions of heal wounds.
  6657 | Lair:1   | Killed Jeremiah
  6658 | Lair:1   | Reached skill level 12 in Ranged Weapons
  6658 | Lair:1   | Reached XP level 11. HP: 31/53 MP: 15/15
  6732 | Lair:1   | Reached *** piety under Okawaru
  6760 | Lair:1   | 6760 ||| READING scroll of enchant weapon.
  6760 | Lair:1   | 6760 ||| ENCHANTING +2 orcbow of draining.
  6769 | Lair:1   | Noticed a boulder beetle
  6770 | Lair:1   | 6770 ||| INVOKING Heroism.
  6791 | Lair:1   | Killed a boulder beetle
  6961 | Lair:1   | 6961 ||| RETREEEEATING.
  6962 | Lair:1   | 6962 ||| RETREEEEATING.
  6963 | Lair:1   | 6963 ||| RETREEEEATING.
  6964 | Lair:1   | 6964 ||| INVOKING Heroism.
  6969 | Lair:1   | Reached skill level 15 in Dodging
  6986 | Lair:1   | 6986 ||| READING scroll of enchant armour.
  6986 | Lair:1   | 6986 ||| ENCHANTING +1 cloak.
  7064 | Lair:1   | 7064 ||| UPGRADING to scarf of resistance.
  7074 | Lair:1   | 7074 ||| UPGRADING to amulet of faith.
  7084 | Lair:1   | 7084 ||| READING 2 scrolls of identify.
  7084 | Lair:1   | 7084 ||| IDENTIFYING green potion
  7085 | Lair:1   | 7085 ||| DROPPING potion of brilliance.
  7126 | Lair:2   | Reached **** piety under Okawaru
  7446 | Lair:2   | Found a hole to the Spider Nest.
  7477 | Lair:2   | Reached ***** piety under Okawaru
  7691 | Lair:2   | Found a staircase to the Swamp.
  7990 | Lair:2   | 7990 ||| READING 2 scrolls of identify.
  7990 | Lair:2   | 7990 ||| IDENTIFYING viscous red potion
  8075 | Lair:3   | Reached skill level 6 in Invocations
  8246 | Lair:3   | Received a gift from Okawaru
  8262 | Lair:3   | Reached XP level 12. HP: 43/60 MP: 18/18
  8407 | Lair:3   | Reached skill level 16 in Dodging
  8656 | Lair:4   | 8656 ||| RETREEEEATING.
  8657 | Lair:4   | 8657 ||| STAIRDANCE
  8665 | Lair:4   | Received a gift from Okawaru
  8937 | Lair:4   | Noticed a seven-headed hydra
  8938 | Lair:4   | 8938 ||| INVOKING Finesse.
  8943 | Lair:4   | Killed a seven-headed hydra
  8943 | Lair:4   | Received a gift from Okawaru
  9024 | Lair:4   | Reached skill level 9 in Invocations
  9026 | Lair:4   | 9026 ||| RETREEEEATING.
  9027 | Lair:4   | 9027 ||| RETREEEEATING.
  9030 | Lair:4   | 9030 ||| RETREEEEATING.
  9031 | Lair:4   | 9031 ||| RETREEEEATING.
  9034 | Lair:4   | 9034 ||| RETREEEEATING.
  9037 | Lair:4   | 9037 ||| RETREEEEATING.
  9288 | Lair:4   | 9288 ||| RETREEEEATING.
  9289 | Lair:4   | 9289 ||| RETREEEEATING.
  9291 | Lair:4   | 9291 ||| RETREEEEATING.
  9292 | Lair:4   | 9292 ||| RETREEEEATING.
  9307 | Lair:4   | 9307 ||| INVOKING Finesse.
  9395 | Lair:4   | Found a runed translucent door.
  9398 | Lair:4   | Noticed qw's ghost (journeyman DEHu)
  9620 | Lair:4   | 9620 ||| READING 2 scrolls of identify.
  9620 | Lair:4   | 9620 ||| IDENTIFYING coppery potion
  9621 | Lair:4   | 9621 ||| DROPPING potion of lignification.
  9628 | Lair:5   | Entered Level 5 of the Lair of Beasts
  9641 | Lair:5   | Received a gift from Okawaru
  9731 | Lair:5   | 9731 ||| RETREEEEATING.
  9732 | Lair:5   | 9732 ||| RETREEEEATING.
  9737 | Lair:5   | 9737 ||| RETREEEEATING.
  9740 | Lair:5   | 9740 ||| RETREEEEATING.
  9743 | Lair:5   | Reached skill level 17 in Dodging
  9834 | Lair:5   | Reached XP level 13. HP: 65/65 MP: 21/21
  9837 | Lair:5   | 9837 ||| INVOKING Finesse.
  9924 | Lair:5   | Reached skill level 6 in Fighting
  9931 | Lair:5   | 9931 ||| Stepping ~*~*~tactically~*~*~ (cloud).
  9992 | Lair:5   | Reached ****** piety under Okawaru
  9992 | Lair:5   | Received a gift from Okawaru
  9993 | Lair:5   | 9993 ||| INVOKING Receive Weapon.
  9993 | Lair:5   | 9993 ||| ACQUIRING +4 arbalest of the Median {antimagic,
                  | rElec rF- rCorr}
  9993 | Lair:5   | Acquired the +4 arbalest of the Median {antimagic, rElec
                  | rF- rCorr}
  9993 | Lair:5   | Received a gift from Okawaru
  9994 | Lair:5   | 9994 ||| INVOKING Receive Armour.
  9994 | Lair:5   | 9994 ||| ACQUIRING scarf of Okawaru's Generosity {shadows,
                  | Str+6}
  9994 | Lair:5   | Acquired the scarf of Okawaru's Generosity {shadows, Str+6}
  9994 | Lair:5   | Received a gift from Okawaru
  9996 | Lair:5   | 9996 ||| SWAPPING to +4 arbalest of the Median {antimagic,
                  | rElec rF- rCorr}.
 10030 | Lair:5   | 10030 ||| RETREEEEATING.
 10035 | Lair:5   | 10035 ||| RETREEEEATING.
 10091 | Lair:5   | 10091 ||| RETREEEEATING.
 10092 | Lair:5   | 10092 ||| RETREEEEATING.
 10093 | Lair:5   | 10093 ||| RETREEEEATING.
 10094 | Lair:5   | 10094 ||| RETREEEEATING.
 10095 | Lair:5   | 10095 ||| RETREEEEATING.
 10096 | Lair:5   | 10096 ||| RETREEEEATING.
 10097 | Lair:5   | 10097 ||| RETREEEEATING.
 10252 | Lair:5   | Reached skill level 15 in Ranged Weapons
 10257 | Lair:5   | 10257 ||| FLEEEEING.
 10371 | Lair:5   | Found a viscous altar of Jiyva.
 10372 | Lair:5   | Found a staircase to the Slime Pits.
 10424 | Lair:5   | 10424 ||| RETREEEEATING.
 10424 | Lair:5   | Found the ring of the Octopus King
 10424 | Lair:5   | HP: 4/65 [drowned by a drowned soul[a merfolk avatar] (13)]
 10425 | Lair:5   | 10425 ||| READING 2 scrolls of teleportation.
 10425 | Lair:5   | Drowned by a drowned soul

Levels and vault maps discovered:
D:1:      tarquinn_simple_flora_water_f, layout_basic,
          shapermc_ecumenical_altar_gd
D:2:      layout_loops_cross, uniq_natasha
D:3:      cheibrodos_old_hovel, layout_basic, general_overflow_altar,
          grunt_ministairs_13, dreamdust_wishing_well, uniq_sigmund
D:4:      layout_rooms, enter_ossuary_3
D:5:      layout_basic
D:6:      layout_basic, minmay_temple_entry_wispy, serial_shops, shop,
          uniq_menkaure
D:7:      layout_gridville, chequers_temple_overflow_statue_of_worship,
          dreamdust_mushroom_princess, grunt_decor_cap
D:8:      layout_loops_ring, lair_entry_dummy
Temple:   hellmonk_temple_of_storms
Lair:1:   layout_roguey, cheibrodos_lair_reptile_den, uniq_jeremiah
Lair:2:   layout_regular_city, swamp_mist, spider_nest_entry_rubble,
          serial_bayou_ford_a
Lair:3:   layout_misc_corridors
Lair:4:   layout_roguey, ebering_ghost_inner_flame,
          chequers_serial_rivers_micro_d
Lair:5:   gammafunk_lair_ancient_temple, layout_cellular_growth,
          dpeg_slime_entry_enclosed, uniq_urug

Skill      XL: |  1  2  3  4  5  6  7  8  9 10 11 12 13 |
---------------+----------------------------------------+-----
Dodging        | 3 4 5 6 7 10 12 14 15 17 | 17.1
Ranged Weapons | 5 6 7 9 11 12 13 14 15 | 15.0
Fighting       | 3 4 5 6 |  6.1
Invocations    | 4 7 10 | 10.0
Stealth        | |  1.5

Action                     |  1- 3 |  4- 6 |  7- 9 | 10-12 | 13-15 || total
---------------------------+-------+-------+-------+-------+-------++-------
   Fire: Shortbow          |    66 |   164 |   248 |       |       ||   478
         Orcbow            |       |       |    42 |   592 |    49 ||   683
         Arbalest          |       |       |       |       |   100 ||   100
 Invoke: Heroism           |       |       |       |     6 |       ||     6
         Finesse           |       |       |       |     2 |     1 ||     3
         Receive Weapon    |       |       |       |       |     1 ||     1
         Receive Armour    |       |       |       |       |     1 ||     1
  Evoke: Wand              |       |     1 |     7 |       |       ||     8
    Use: Scroll            |     9 |     6 |    10 |     6 |     1 ||    32
         Potion            |       |       |     2 |     1 |       ||     3
 Armour: Robe              |     1 |    20 |    34 |    49 |    22 ||   126
  Dodge: Dodged            |     7 |    50 |   212 |   410 |   116 ||   795

Table legend:
 A = Non-vault XP
 B = Vault XP
 C = Vault XP percentage of total XP
 D = Non-vault monster count
 E = Vault monster count
 F = Vault count percentage of total count
                 A         B        C        D         E       F
            +---------+---------+-------+---------+---------+-------
      Total |   38157 |    8959 |  19.0 |     240 |      63 |  20.8
            +---------+---------+-------+---------+---------+-------
        D:1 |      24 |       0 |   0.0 |      14 |       0 |   0.0
        D:2 |      73 |      35 |  32.4 |      17 |       1 |   5.6
        D:3 |      62 |     254 |  80.4 |      23 |       4 |  14.8
        D:4 |     120 |       0 |   0.0 |      10 |       0 |   0.0
        D:5 |     515 |       0 |   0.0 |       8 |       0 |   0.0
        D:6 |    1757 |     169 |   8.8 |      21 |       1 |   4.5
        D:7 |    1277 |       0 |   0.0 |      25 |       0 |   0.0
        D:8 |     984 |       0 |   0.0 |      13 |       0 |   0.0
     Lair:1 |    7985 |    1278 |  13.8 |      28 |       8 |  22.2
     Lair:2 |    2453 |     425 |  14.8 |      13 |       2 |  13.3
     Lair:3 |    7097 |       0 |   0.0 |      21 |       0 |   0.0
     Lair:4 |   10365 |       0 |   0.0 |      29 |       0 |   0.0
     Lair:5 |    5445 |    6444 |  54.2 |      18 |      14 |  43.8
    Ossuary |       0 |     354 | 100.0 |       0 |      33 | 100.0
            +---------+---------+-------+---------+---------+-------
